 Dungeon Crawl Stone Soup version 0.28.0 (console) character file.

Game seed: 1002470654673687291

436 isthmus the Chopper (level 7, -1/85 HPs)
             Began as a Hill Orc Monk on Feb 11, 2022.
             Was a High Priest of Ignis.
             Engulfed by a cloud of flame (10 damage)
             ... on level 7 of the Dungeon.
             The game lasted 00:10:31 (5062 turns).

isthmus the Chopper (Hill Orc Monk)                 Turns: 5062, Time: 00:10:31

Health: -1/85      AC: 23    Str: 16    XL:     7   Next: 1%
Magic:  7/7        EV:  2    Int: 10    God:    Ignis [*****.]
Gold:   79         SH:  0    Dex: 13    Spells: 6/6 levels left

rFire   + . .      SeeInvis +   a - +0 hand axe
rCold   . . .      Faith    .   (no shield)
rNeg    . . .      Spirit   .   (armour currently unavailable)
rPois   +          Reflect  .   (helmet currently unavailable)
rElec   .          Harm     .   (cloak currently unavailable)
rCorr   .          Rampage  .   (gloves currently unavailable)
Will    .....      NoTele   +   (boots currently unavailable)
Stlth   ++........              (no amulet)
HPRegen 0.24/turn               m - ring of see invisible
MPRegen 0.10/turn               (no ring)

@: tree-form, weak-willed
A: stationary, stasis, torment immunity, boosted hp
a: Renounce Religion, Fiery Armour, Foxfire Swarm, Rising Flame


You were on level 7 of the Dungeon.
You worshipped Ignis.
Ignis was extremely pleased with you.
You were a tree.
You visited 1 branch of the dungeon, and saw 5 of its levels.

You collected 79 gold pieces.

Inventory:

Hand Weapons
 a - a +0 hand axe (weapon)
Missiles
 e - 8 poisoned darts (quivered)
 g - 34 stones
 h - 6 javelins
Armour
 b - a +0 robe
 c - a +0 ring mail
 i - a +1 plate armour (melded)
Jewellery
 m - a ring of see invisible (left branch)
Scrolls
 f - a scroll of summoning
 k - a scroll of immolation
 n - a scroll of enchant armour
 p - a scroll of fear
 q - a scroll of magic mapping
Potions
 j - 2 potions of brilliance


   Skills:
 - Level 3.6 Fighting
 * Level 7.9 Axes
 * Level 4.9 Armour
 - Level 2.4 Dodging
 - Level 1.5 Stealth


You had 6 spell levels left.
You didn't know any spells.
Your spell library contained the following spells:

 Spells                   Type           Power      Damage    Failure   Level
 Slow                     Hex            0%         N/A       36%         1
 Confusing Touch          Hex            0%         N/A       75%         3
 Gell's Gravitas          Tloc           0%         N/A       75%         3
 Lesser Beckoning         Tloc           0%         N/A       75%         3
 Teleport Other           Tloc           0%         N/A       75%         3
 Vampiric Draining        Necr           0%         2d6       75%         3
 Fulminant Prism          Conj/Hex       0%         3d6       98%         4
 Iskenderun's Mystic Bla  Conj/Tloc      0%         2d3       98%         4
 Lee's Rapid Deconstruct  Erth           0%         3d5*      100%        5


Dungeon Overview and Level Annotations

Branches:
Dungeon (4/15)
 Temple: D:4-7

Altars:
Ignis

Shops:
D:1 (

Annotations:
D:2 1 runed translucent door, Crazy Yiuf
D:4 1 exclusion


Message History

Unknown command.
You hit the gnoll shaman.
Flame seeps out of the gnoll shaman.
The gnoll shaman is lightly wounded.
The gnoll shaman is engulfed in blazing flames.
Flame seeps out of the gnoll shaman.
The gnoll shaman hits you with a +0 club.
* * * LOW HITPOINT WARNING * * *
The gnoll hits you but does no damage.
Unknown command.
You hit the gnoll shaman but do no damage.
The gnoll shaman is heavily wounded.
The gnoll's inner flame fades away.
The gnoll shaman is engulfed in blazing flames.
The gnoll shaman explodes!
The fiery explosion engulfs the gnoll!!!
The fiery explosion engulfs the gnoll!!
You kill the gnoll!
The fiery explosion engulfs you! You resist.
* * * LOW HITPOINT WARNING * * *
The gnoll explodes!
You have reached level 7!
You're standing in a cloud of flame!
You cannot move.
Unknown command.
You are engulfed in blazing flames.
You resist.
* * * LOW HITPOINT WARNING * * *
Unknown command.
You are engulfed in blazing flames.
You resist.
* * * LOW HITPOINT WARNING * * *
Unknown command.
You are engulfed in blazing flames.
You resist.
* * * LOW HITPOINT WARNING * * *
Unknown command.
You feel better.
You are engulfed in blazing flames.
You resist.
* * * LOW HITPOINT WARNING * * *
Unknown command.
Unknown command.
You are engulfed in blazing flames.
You resist.
You are engulfed in blazing flames.
You resist.
You die...

******** *,,,,,,*
*,****,* ***.##**,*
######.....**,*
#§)♣...#,*,**,*
#§######,*,**,******
#.# *,,,,,,,,,,,, #.#
*********,**, #g# *,**,
##g## **********,**,
#.g[# *,,,,,,,**,***
###?..###*,,,,,,,**,,,,
#.......#*,,,,,,,******
#.......#*,,,,,,,* *
#...!...#,,,,,,,,* *


There were no monsters in sight!

Vanquished Creatures
  A phantom (D:4)
  A water moccasin skeleton (D:4)
  A gnoll shaman (D:7)
  An iguana (D:4)
  7 adders
  12 gnolls
  A worm (D:2)
  7 orcs
  7 endoplasms
  5 giant cockroaches
  13 goblins
  4 hobgoblins
  3 kobolds
  A quokka (D:2)
  5 ball pythons
  7 bats
  2 frilled lizards (D:2)
  5 rats
83 creatures vanquished.

Notes
Turn   | Place    | Note
-------+----------+-------------------------------------------
     0 | D:1      | isthmus the Hill Orc Monk began the quest for the Orb.
     0 | D:1      | Reached XP level 1. HP: 19/19 MP: 1/1
   141 | D:1      | Reached XP level 2. HP: 18/26 MP: 2/2
   394 | D:1      | Found Egodax's Antique Weapon Shoppe.
   618 | D:1      | Reached skill level 5 in Axes
   774 | D:1      | Found a faded altar of an unknown god.
   870 | D:1      | Prayed at the altar of an unknown god.
   870 | D:1      | Became a worshipper of Ignis, the Dying Flame
   870 | D:1      | Reached ****** piety under Ignis
  1159 | D:2      | Reached skill level 1 in Armour
  1159 | D:2      | Reached XP level 3. HP: 15/31 MP: 3/3
  2113 | D:2      | Reached XP level 4. HP: 39/39 MP: 4/4
  2165 | D:2      | Found a runed translucent door.
  2166 | D:2      | Noticed Crazy Yiuf
  2217 | D:2      | Reached skill level 6 in Axes
  3046 | D:3      | Reached XP level 5. HP: 37/45 MP: 5/5
  4154 | D:4      | Noticed a phantom
  4168 | D:4      | Killed a phantom
  4169 | D:4      | Reached skill level 7 in Axes
  4169 | D:4      | Reached XP level 6. HP: 46/51 MP: 6/6
  5031 | D:4      | You fall into a shaft and drop 3 floors!
  5057 | D:7      | Reached XP level 7. HP: 24/57 MP: 7/7
  5062 | D:7      | Engulfed by a cloud of flame

Illustrated notes

Levels and vault maps discovered:
D:1:      roderic_dead_forest, layout_loops_ring, serial_shops, shop,
          ebering_ecumenical_altar_abandoned, hex_medium,
          hangedman_decor_slide_cut
D:2:      layout_basic, uniq_crazy_yiuf_cottage
D:3:      layout_basic
D:4:      layout_loops_corners, minmay_temple_entry_glass, minmay_goblin_outpost
D:7:      layout_loops_cross, minmay_diced_spiral

Skill      XL: |  1  2  3  4  5 |
---------------+----------------+-----
Axes           | 5 6 7 |  7.9
Armour         | 1 2 4 |  4.9
Fighting       | |  3.6
Dodging        | |  2.4
Stealth        | |  1.5

Action                   |  1- 3 |  4- 6 |  7- 9 || total
-------------------------+-------+-------+-------++-------
Melee: Hand axe          |   111 |   207 |       ||   318
       Punch             |     1 |     3 |       ||     4
Invok: Fiery Armour      |     1 |       |       ||     1
  Use: Scroll            |     2 |     8 |       ||    10
       Potion            |       |     4 |     1 ||     5
Armor: Ring mail         |    22 |       |       ||    22
       Plate armour      |    66 |   134 |       ||   200
       Skin              |       |     6 |     1 ||     7
Dodge: Dodged            |    52 |    62 |       ||   114
